 Dungeon Crawl Stone Soup version 0.18.1-48-g4cf74bf (webtiles) character file.

1332 lyrx the Cleaver (level 8, -2/64 HPs)
             Began as a Hill Orc Berserker on Aug 6, 2016.
             Was an Elder of Trog.
             Slain by Pikel
             ... wielding a +0 whip of electrocution
              (5 damage)
             ... on level 6 of the Dungeon.
             The game lasted 00:38:59 (4955 turns).

lyrx the Cleaver (Hill Orc Berserker)               Turns: 4955, Time: 00:39:00

Health: -2/64      AC:  9    Str: 20 (22) XL:     8   Next: 61%
Magic:  8/8        EV: 10    Int:  6 (7)  God:    Trog [****..]
Gold:   326        SH:  0    Dex:  9 (10) Spells: 0 memorised, 7 levels left

rFire  . . .     SeeInvis .     a - +1 hand axe (elec)
rCold  + . .     Gourm    .     D - +0 scale mail
rNeg   . . .     Faith    .     (no shield)
rPois  .         Spirit   .     q - +0 helmet
rElec  .         Dismiss  .     u - +0 cloak (curse)
rCorr  .         Reflect  .     y - +0 pair of gloves (curse)
SustAt .         Harm     .     (no boots)
MR     .....                    (no amulet)
Stlth  ..........               (no ring)
                                j - ring of protection from cold

@: not resistant to hostile enchantments, extremely unstealthy
A: no striking features
a: Berserk, Trog's Hand, Brothers in Arms, Burn Spellbooks, Renounce Religion


You were on level 6 of the Dungeon.
You worshipped Trog.
Trog was greatly pleased with you.
You were not hungry.

You visited 2 branches of the dungeon, and saw 7 of its levels.

You collected 326 gold pieces.

Inventory:

Hand Weapons
 a - a +1 hand axe of electrocution (weapon)
Missiles
 e - 49 bolts
Armour
 q - a +0 helmet (worn)
 u - a cursed +0 cloak (worn)
 y - a cursed +0 pair of gloves (worn)
 D - a +0 scale mail (worn)
Jewellery
 j - a ring of protection from cold (left hand)
Wands
 h - a wand of iceblast (4/15)
 k - a wand of disintegration (9/24)
 s - a wand of paralysis (20/24)
Scrolls
 g - 3 scrolls of remove curse
 i - a scroll of immolation
 m - a scroll of recharging
 p - a scroll of blinking
 r - a scroll of brand weapon
 v - 2 scrolls of identify
 w - 3 scrolls of magic mapping
 x - 3 scrolls of fog
Potions
 f - a potion of cancellation
 l - a potion of mutation {unknown}
 n - a potion of brilliance
Comestibles
 b - 3 chunks of flesh
 c - 4 bread rations
 d - a slice of pizza
 o - a royal jelly
 t - 8 fruits


   Skills:
 - Level 3.6 Fighting
 + Level 13.2 Axes
 - Level 2.1 Armour
 - Level 1.5 Dodging
 - Level 1.0 Stealth


You had 7 spell levels left.
You didn't know any spells.

Dungeon Overview and Level Annotations

Branches:
Dungeon (6/15)             Temple (1/1) D:5

Altars:
Cheibriados
Fedhas
Gozag
Kikubaaqudgha
Pakellas
Sif Muna
Trog
Vehumet
Zin
The Shining One

Annotations:
D:6 Pikel


Message History

You barely miss Pikel. You closely miss Pikel. Pikel closely misses you.
You hit Pikel.
There is a sudden explosion of sparks!
Pikel is heavily wounded.
You closely miss Pikel.
Pikel is heavily wounded.
Pikel hits you but does no damage.
You are electrocuted!
You hit Pikel but do no damage.
There is a sudden explosion of sparks!
Pikel is severely wounded.
You hit Pikel.
Pikel is severely wounded.
Pikel hits you with a whip of electrocution.
You are electrocuted!
* * * LOW HITPOINT WARNING * * *
Drink which item? (? for menu, Esc to quit)
Okay, then.
Okay, then.
You fail to use your ability.
Pikel hits you with a whip of electrocution.
You die...

#.....####### ####
#.....#.....#....#
#.....#.....#....#
#.....#....[Kp.).#
#.....#....@#
#.....#.....#
#.....#....(#
#.....##'#######
#...............
#...............
#.......).......
#.......).......
######..............$


You could see Pikel and a slave.

Vanquished Creatures
  The ghost of Krapule the Skirmisher, an amateur GrFi (D:4)
  Eustachio (D:4)
  3 slaves (D:6)
  A sky beast (D:5)
  2 centaurs (D:5)
  An ogre (D:5)
  2 scorpions
  2 orc priests
  6 orc wizards
  2 iguanas
  Robin (D:2)
  3 gnolls (D:5)
  11 adders
  A shadow imp (D:5)
  3 oozes
  2 adder skeletons (D:4)
  2 worms (D:2)
  A dart slug (D:3)
  2 giant geckos (D:5)
  19 orcs
  7 bats
  3 giant cockroaches
  17 goblins
  11 hobgoblins
  14 jackals
  6 kobolds
  5 quokkas
  A ball python skeleton (D:4)
  2 giant newts
  A quokka skeleton (D:5)
  5 rats
138 creatures vanquished.

Vanquished Creatures (collateral kills)
  3 gnolls (D:5)
3 creatures vanquished.

Grand Total: 141 creatures vanquished

Notes
Turn   | Place    | Note
--------------------------------------------------------------
     0 | D:1      | lyrx the Hill Orc Berserker began the quest for the Orb.
     0 | D:1      | Reached XP level 1. HP: 19/19 MP: 1/1
   177 | D:1      | Reached XP level 2. HP: 13/26 MP: 2/2
   481 | D:1      | Reached skill level 5 in Axes
   930 | D:2      | Found a snail-covered altar of Cheibriados.
   953 | D:2      | Reached XP level 3. HP: 24/31 MP: 3/3
  1024 | D:2      | Reached skill level 6 in Axes
  1233 | D:2      | Reached XP level 4. HP: 9/39 MP: 4/4
  1281 | D:2      | Found a deep blue altar of Sif Muna.
  1382 | D:2      | Reached ** piety under Trog
  1558 | D:2      | Noticed Robin
  1569 | D:2      | Killed Robin
  1729 | D:2      | Reached skill level 7 in Axes
  1865 | D:3      | Reached XP level 5. HP: 45/45 MP: 5/5
  2101 | D:3      | Reached skill level 1 in Stealth
  2315 | D:3      | Reached *** piety under Trog
  2369 | D:3      | Found a glowing golden altar of the Shining One.
  2721 | D:4      | Reached skill level 8 in Axes
  2828 | D:4      | Noticed Eustachio
  3030 | D:4      | Killed Eustachio
  3030 | D:4      | Reached skill level 9 in Axes
  3030 | D:4      | Reached XP level 6. HP: 51/51 MP: 6/6
  3199 | D:4      | Noticed Krapule's ghost (amateur GrFi)
  3253 | D:4      | Killed Krapule's ghost
  3253 | D:4      | Reached skill level 10 in Axes
  3253 | D:4      | Reached XP level 7. HP: 42/57 MP: 7/7
  3476 | D:4      | Reached skill level 11 in Axes
  3727 | D:4      | Found a bloodstained altar of Trog.
  3776 | D:5      | Entered Level 5 of the Dungeon
  3804 | D:5      | Reached XP level 8. HP: 64/64 MP: 8/8
  3809 | D:5      | Reached **** piety under Trog
  3934 | D:5      | Reached skill level 12 in Axes
  4580 | D:5      | Found a staircase to the Ecumenical Temple.
  4627 | Temple   | Entered the Ecumenical Temple
  4899 | D:6      | Reached skill level 13 in Axes
  4934 | D:6      | Noticed Pikel
  4954 | D:6      | HP: 3/64 [Pikel/whip of electrocution (18)]
  4955 | D:6      | Slain by Pikel

Skill      XL: |  1  2  3  4  5  6  7  8 |
---------------+-------------------------+-----
Axes           | 5 6 7 9 10 11 13 | 13.2
Stealth        | 1 |  1.0
Fighting       | |  3.6
Armour         | |  2.1
Dodging        | |  1.5

Action                   |  1- 3 |  4- 6 |  7- 9 || total
-------------------------+-------+-------+-------++-------
Melee: Hand axe          |    92 |   213 |   171 ||   476
Invok: Berserk           |     3 |     7 |     6 ||    16
       Trog's Hand       |       |     1 |       ||     1
       Brothers in Arms  |       |       |     1 ||     1
  Use: Scroll            |       |     9 |     5 ||    14
       Potion            |       |     9 |     5 ||    14
 Stab: Sleeping          |     1 |       |       ||     1
  Eat: Chunk             |     3 |    13 |     8 ||    24
       Fruit             |       |     1 |       ||     1
       Meat ration       |       |       |     1 ||     1
Armor: Animal skin       |    17 |       |       ||    17
       Ring mail         |       |    68 |    34 ||   102
       Scale mail        |       |       |     6 ||     6
Dodge: Dodged            |    52 |   109 |    65 ||   226
